 Dungeon Crawl Stone Soup version 0.23-a0-481-g60b89c1 (webtiles) character file.

1119 theanonym the Poker (level 8, -1/64 HPs)
             Began as a Mummy Warper on Nov 29, 2018.
             Was an Initiate of Yredelemnul.
             Hit by a stone thrown by an orc warrior (9 damage)
             ... on level 6 of the Dungeon.
             The game lasted 00:09:36 (7516 turns).

theanonym the Poker (Mummy Warper)                  Turns: 7516, Time: 00:09:36

Health: -1/64      AC: 13    Str: 16    XL:     8   Next: 12%
Magic:  12/12      EV:  4    Int: 13    God:    Yredelemnul [......]
Gold:   244        SH:  0    Dex: 11    Spells: 12/12 levels left

rFire    x . .     SeeInvis .   a - +0 halberd
rCold    + . .     Gourm    .   (shield currently unavailable)
rNeg     + + +     Faith    .   i - +0 plate armour
rPois    ∞         Spirit   .   (no helmet)
rElec    .         Reflect  .   k - +2 cloak
rCorr    .         Harm     .   (no gloves)
MR       ++...                  (no boots)
Stlth    ..........             (no amulet)
HPRegen  0.20/turn              f - ring of protection from magic
MPRegen  0.13/turn              l - ring of wizardry

@: no status effects
A: no food or potions, fire vulnerability, cold resistance 1, negative energy
resistance 3, torment resistance, unbreathing
a: Renounce Religion


Innate Abilities, Weirdness & Mutations

You do not eat or drink.
Your flesh is vulnerable to fire.
You are immune to poison.
Your flesh is cold resistant. (rC+)
You are immune to negative energy. (rN+++)
You are immune to unholy pain and torment.
You can survive without breathing.


   Skills:
 + Level 5.8 Fighting
 * Level 6.7 Polearms
 - Level 0.7 Throwing
 - Level 0.7 Armour
 - Level 1.5 Dodging
 - Level 2.6 Spellcasting
   Level 2.4 Translocations


You had 12 spell levels left.
You didn't know any spells.
Your spell library contained the following spells:

 Spells                   Type           Power        Failure   Level  Hunger
 Blink                    Tloc           N/A          98%         2    N/A
 Shroud of Golubria       Chrm/Tloc      #.........   99%         2    N/A
 Sticks to Snakes         Tmut           #.......     100%        2    N/A
 Gell's Gravitas          Tloc           #.........   100%        3    N/A
 Lesser Beckoning         Tloc           #.........   100%        3    N/A
 Teleport Other           Tloc           #.......     100%        3    N/A
 Passage of Golubria      Tloc           N/A          100%        4    N/A
 Beastly Appendage        Tmut           Unusable     N/A         1    N/A
 Spider Form              Tmut/Pois      Unusable     N/A         3    N/A
 Ice Form                 Ice/Tmut       Unusable     N/A         4    N/A
 Blade Hands              Tmut           Unusable     N/A         5    N/A

Skill      XL: |  1  2  3  4  5  6  7 |
---------------+----------------------+-----
Polearms       | 2 3 4 5 6 |  6.7
Fighting       | 3 4 5 |  5.8
Throwing       | |  0.7
Armour         | |  0.7
Dodging        | |  1.5
Spellcasting   | |  2.6
Translocations | |  2.4

Action                   |  1- 3 |  4- 6 |  7- 9 || total
-------------------------+-------+-------+-------++-------
Melee: Spear             |   164 |       |       ||   164
       Trident           |    18 |   177 |       ||   195
       Halberd           |       |   103 |   192 ||   295
Throw: Tomahawk          |     1 |     1 |     3 ||     5
  Use: Scroll            |       |     9 |     4 ||    13
Armor: Leather armour    |    32 |       |       ||    32
       Plate armour      |    33 |   198 |   131 ||   362
Dodge: Dodged            |    58 |    46 |    31 ||   135

Inventory:

Hand Weapons
 a - a +0 halberd (weapon)
   (You took it off a gnoll on level 3 of the Dungeon)
Armour
 i - a +0 plate armour (worn)
   (You found it on level 2 of the Dungeon)
 k - a +2 cloak (worn)
   (You found it on level 2 of the Dungeon)
Jewellery
 f - a ring of protection from magic (left hand)
   (You found it on level 1 of the Dungeon)
 h - an uncursed ring of ice
   (You found it on level 2 of the Dungeon)
 l - a ring of wizardry (right hand)
   (You found it on level 4 of the Dungeon)
Scrolls
 b - a scroll of enchant armour
 c - a scroll of brand weapon {unknown}
 g - a scroll of amnesia
 j - a scroll of vulnerability
 n - 2 scrolls of remove curse
 r - a scroll of identify
 t - 2 scrolls of teleportation {!r}
 y - a scroll of magic mapping
 B - 2 scrolls of blinking


You were on level 6 of the Dungeon.
You worshipped Yredelemnul.
Yredelemnul was noncommittal.
You were not hungry.

You visited 2 branches of the dungeon, and saw 7 of its levels.

You collected 244 gold pieces.

Dungeon Overview and Level Annotations

Branches:
Dungeon (6/15)             Temple (1/1) D:4

Altars:
Ashenzari
Cheibriados
Dithmenos
Elyvilon
Fedhas
Gozag
Hepliaklqana
Kikubaaqudgha
Makhleb
Okawaru
Qazlal
Ru
Trog
Uskayaw
Wu Jian
Xom
Yredelemnul
Zin

Annotations:
D:4 exclusion: ogre
D:5 exclusion: orc warrior
D:6 Edmund

#####.# # #(....#
o# #.##### .. #.#
#.## #.## #o.#
#..# #.# ###
#####.# #.###.##
##.###.# #o##...#
#...##@#
#.##oo.###(o.##(#
#.#..#..#..#..#o#
#.#o###.#.###.#Y#
#.Y.# #.o.# #..o#
#..## ##.## ##..#
##.# #.# #.## ###
### ###


You could see an orc warrior, a sky beast and an orc.

Notes
Turn   | Place    | Note
-------+----------+-------------------------------------------
     0 | D:1      | theanonym the Mummy Warper began the quest for the Orb.
     0 | D:1      | Reached XP level 1. HP: 16/16 MP: 4/4
    23 | D:1      | HP: 5/16 [dart slug/slug dart (5)]
   256 | D:1      | Reached skill level 2 in Polearms
   308 | D:1      | Reached XP level 2. HP: 22/22 MP: 5/5
   485 | D:1      | Reached XP level 3. HP: 28/28 MP: 7/7
  1068 | D:2      | HP: 13/28 [worm (2)]
  1092 | D:2      | HP: 5/28 [worm (10)]
  1410 | D:2      | Found a sacrificial altar of Ru.
  1698 | D:2      | Reached skill level 3 in Polearms
  1804 | D:2      | Found an ancient bone altar of Kikubaaqudgha.
  1838 | D:2      | Reached XP level 4. HP: 32/34 MP: 8/8
  2118 | D:3      | Reached skill level 3 in Fighting
  2299 | D:3      | Found an opulent altar of Gozag.
  2444 | D:3      | Noticed an ice beast
  2469 | D:3      | Killed an ice beast
  2469 | D:3      | Reached skill level 4 in Polearms
  2469 | D:3      | Reached XP level 5. HP: 28/42 MP: 9/9
  2936 | D:3      | Found an ornate altar of the Wu Jian Council.
  2940 | D:3      | Found a glowing silver altar of Zin.
  2947 | D:3      | Found a bloodstained altar of Trog.
  3039 | D:3      | Reached XP level 6. HP: 48/48 MP: 10/10
  3499 | D:4      | Reached skill level 4 in Fighting
  3507 | D:3      | HP: 22/48 [gnoll/+0 halberd (12)]
  3923 | D:4      | Found a staircase to the Ecumenical Temple.
  3933 | Temple   | Entered the Ecumenical Temple
  4215 | Temple   | Became a worshipper of Yredelemnul the Dark
  4273 | D:4      | HP: 16/48 [ogre/+0 giant club (10)]
  4687 | D:4      | Reached skill level 5 in Polearms
  5188 | D:5      | Entered Level 5 of the Dungeon
  5188 | D:5      | Noticed a sky beast
  5202 | D:5      | HP: 21/49 [sky beast (6)]
  5206 | D:5      | Killed a sky beast
  5206 | D:5      | Reached XP level 7. HP: 24/55 MP: 11/11
  5487 | D:5      | Found a shattered altar of Ashenzari.
  5687 | D:5      | Found a snail-covered altar of Cheibriados.
  5693 | D:5      | HP: 24/55 [ogre/+0 giant club (5)]
  5695 | D:5      | HP: 11/55 [ogre/+0 giant club (14)]
  5697 | D:5      | Reached skill level 5 in Fighting
  5968 | D:4      | Found a blossoming altar of Fedhas.
  6027 | D:4      | Reached skill level 6 in Polearms
  6343 | D:5      | Reached XP level 8. HP: 53/63 MP: 12/12
  6489 | D:5      | Reached * piety under Yredelemnul
  6828 | D:5      | HP: 27/64 [orc warrior/+0 halberd (11)]
  7090 | D:6      | Noticed Edmund
  7106 | D:6      | HP: 32/64 [Edmund/+5 dire flail of crushing (3)]
  7508 | D:6      | HP: 24/64 [orc warrior/+0 scimitar (20)]
  7509 | D:6      | HP: 11/64 [orc warrior/+0 scimitar (13)]
  7516 | D:6      | Hit by a stone thrown by an orc warrior

Vanquished Creatures
  An ice beast (D:3)
  A sky beast (D:5)
  2 ogres
  A scorpion (D:4)
  2 howler monkeys (D:5)
  3 crimson imps (D:5)
  A centaur zombie (D:5)
  3 hounds
  An iron imp (D:5)
  A gnoll shaman (D:4)
  2 orc wizards (D:3)
  4 worker ants
  4 adders
  5 gnolls
  2 oozes
  An adder zombie (D:5)
  An adder skeleton (D:5)
  4 worms
  3 dart slugs
  4 leopard geckos
  10 orcs
  A ball python (D:3)
  5 giant cockroaches
  4 goblins (D:1)
  10 hobgoblins
  9 jackals
  A ball python skeleton (D:4)
  8 bats
  3 frilled lizards
  4 kobolds
  5 rats
106 creatures vanquished.

Table legend:
 A = Turns spent in this place as a percentage of turns spent in the entire game.
 B = Non-inter-level travel turns spent in this place as a percentage of non-inter-level travel turns spent in the entire game.
 C = Inter-level travel turns spent in this place as a percentage of turns spent in this place.
 D = Turns resting spent in this place as a percentage of non-inter-level travel turns spent in this place.
 E = Turns spent auto-exploring this place as a percentage of non-inter-level travel turns spent in this place.
 F = Non-inter-level travel turns spent in this place divided by the number of levels of this place that you've seen.
                   A       B       C       D       E      F
               +-------+-------+-------+-------+-------+----------------------
         Total | 100.0 | 100.0 |   5.5 |  37.9 |  46.5 | 1015.1
       Dungeon |  96.1 |  96.2 |   5.4 |  39.4 |  44.4 | 1139.0
        Temple |   3.9 |   3.8 |   7.2 |   0.0 |  99.3 | 272.0
               +-------+-------+-------+-------+-------+----------------------
